 Dungeon Crawl Stone Soup version 0.29-a0-643-ga013cefcf8 (webtiles) character file.

Game seed: 8383858858018678616

411 kyalle the Skirmisher (level 6, -2/57 HPs)
             Began as a Minotaur Fighter on June 19, 2022.
             Was a Believer of Uskayaw.
             Slain by an ice beast (5 damage)
             ... on level 5 of the Dungeon.
             The game lasted 00:09:38 (3598 turns).

kyalle the Skirmisher (Minotaur Fighter)            Turns: 3598, Time: 00:09:40

Health: -2/57      AC:  7    Str: 22    XL:     6   Next: 58%
Magic:  5/5        EV:  9    Int:  5    God:    Uskayaw [**....]
Gold:   154        SH:  5    Dex: 10    Spells: 5/5 levels left

rFire   . . .      SeeInvis .   g - +2 short sword (venom)
rCold   . . .      Faith    .   c - +0 buckler
rNeg    . . .      Spirit   .   b - +0 scale mail
rPois   .          Reflect  .   (helmet restricted)
rElec   .          Harm     .   o - scarf {shadows}
rCorr   .          Rampage  .   (no gloves)
Will    .....                   (no boots)
Stlth   ..........              (no amulet)
HPRegen 0.19/turn               (no ring)
MPRegen 0.09/turn               (no ring)

@: mighty, marked
A: horns 2, retaliatory headbutt
a: Renounce Religion, Stomp, Line Pass


You were on level 5 of the Dungeon.
You worshipped Uskayaw.
Uskayaw was noncommittal.
You visited 2 branches of the dungeon, and saw 6 of its levels.

You collected 154 gold pieces.

Inventory:

Hand Weapons
 a - a +0 war axe
 g - a +2 short sword of venom (weapon)
Armour
 b - a +0 scale mail (worn)
 c - a +0 buckler (worn)
 f - a +0 cloak
 o - a scarf of shadows (worn)
Jewellery
 l - a +6 ring of strength
Scrolls
 e - a scroll of enchant weapon {unknown}
 n - a scroll of amnesia
 p - a scroll of fear {unknown}
 q - a scroll of acquirement {unknown}
 r - a scroll of teleportation {unknown}
Potions
 d - a potion of might
 h - 3 potions of brilliance
 i - 2 potions of curing
 j - a potion of degeneration {unknown}
 k - a potion of haste {unknown}
 m - a potion of lignification {unknown}


   Skills:
 * Level 6.0 Fighting
 * Level 2.3 Short Blades
 - Level 4.4 Axes
 + Level 4.9 Armour
 + Level 4.9 Shields


You had 5 spell levels left.
You didn't know any spells.
Your spell library was empty.

Dungeon Overview and Level Annotations

Branches:
Dungeon (5/15)             Temple (1/1) D:4

Altars:
Gozag
Hepliaklqana
Kikubaaqudgha
Makhleb
Nemelex Xobeh
Okawaru
Qazlal
Ru
Sif Muna
Uskayaw
Wu Jian
Yredelemnul
The Shining One
Ignis

Annotations:
D:5 Grinder


Innate Abilities, Weirdness & Mutations

You have a pair of horns on your head.
You reflexively headbutt those who attack you in melee.


Message History

The white imp hits you but does no damage.
Grinder gestures at you. Pain shoots through your body!
You completely miss the adder.
The adder is severely wounded.
The adder barely misses you. Grinder closely misses you.
You furiously retaliate!
You headbutt Grinder!
The white imp hits you but does no damage.
An orc comes into view. It is wielding a +0 hand axe.
You block the adder's attack.
You can now pass through a line of other dancers.
You feel very mighty all of a sudden. You block the adder's attack.
Something hits you.
* * * LOW HITPOINT WARNING * * *
The white imp hits you.
* * * LOW HITPOINT WARNING * * *
The white imp freezes you.
* * * LOW HITPOINT WARNING * * *
Grinder blinks!
You closely miss something. You block the adder's attack.
Something hits you but does no damage. You block the white imp's attack.
The ice beast hits you but does no damage.
An orc comes into view. It is wielding a +0 short sword.
You hit the adder.
You kill the adder!
Something hits you.
* * * LOW HITPOINT WARNING * * *
The white imp grins evilly.
The white imp gestures at you. The puff of frost misses you.
The puff of frost hits something!
You block the ice beast's attack. The hound bites you.
* * * LOW HITPOINT WARNING * * *
You miss something. You headbutt something.
Reactivating autopickup.
You feel a bit more experienced. The hound bites you.
* * * LOW HITPOINT WARNING * * *
You block the white imp's attack. The ice beast hits you.
* * * LOW HITPOINT WARNING * * *
The ice beast freezes you.
You die...

###...#.....##
##..............
.........#####.#
#####........
#oo#.####.
####o##..#
##.SF.#####
#oh#### #@##
#...Y5# ##..#S#
#..... #.. ...
......... ###
##...


You could see an ice beast, a bullfrog, a hound, 2 adders, a white imp and 3
orcs.

Vanquished Creatures
  An ogre (D:4)
  A necrophage (D:4)
  An orc priest (D:3)
  3 orc wizards
  9 adders
  An ufetubus (D:4)
  3 worms
  11 orcs
  3 ball pythons (D:1)
  10 endoplasms
  8 giant cockroaches
  4 goblins
  8 hobgoblins
  5 jackals (D:3)
  4 kobolds
  A quokka (D:1)
  3 frilled lizards
  7 rats
83 creatures vanquished.

Vanquished Creatures (others)
  7 fungi (D:3)
  5 plants (D:3)
12 creatures vanquished.

Grand Total: 95 creatures vanquished

Notes
Turn   | Place    | Note
-------+----------+-------------------------------------------
     0 | D:1      | kyalle the Minotaur Fighter began the quest for the Orb.
     0 | D:1      | Reached XP level 1. HP: 19/19 MP: 0/0
   237 | D:1      | Reached XP level 2. HP: 27/27 MP: 1/1
   261 | D:1      | Reached skill level 4 in Fighting
   708 | D:2      | Reached XP level 3. HP: 11/33 MP: 2/2
  1146 | D:2      | Reached XP level 4. HP: 38/41 MP: 3/3
  1478 | D:2      | Found an ancient bone altar of Kikubaaqudgha.
  1776 | D:3      | Reached skill level 5 in Fighting
  1833 | D:3      | Reached XP level 5. HP: 25/48 MP: 4/4
  2037 | D:3      | Found a faded altar of an unknown god.
  2605 | D:4      | Noticed an ogre
  2626 | D:4      | Killed an ogre
  2627 | D:4      | Reached skill level 1 in Short Blades
  2627 | D:4      | Reached XP level 6. HP: 13/57 MP: 5/5
  2962 | D:4      | Reached skill level 6 in Fighting
  3138 | D:4      | Found a staircase to the Ecumenical Temple.
  3149 | Temple   | Entered the Ecumenical Temple
  3197 | Temple   | Became a worshipper of Uskayaw the Reveller
  3282 | D:4      | Found a stormy altar of Qazlal.
  3517 | D:5      | Entered Level 5 of the Dungeon
  3517 | D:5      | Noticed a yak
  3517 | D:5      | Noticed a yak
  3517 | D:5      | Noticed a yak
  3582 | D:5      | Noticed Grinder
  3589 | D:5      | Reached * piety under Uskayaw
  3592 | D:5      | Noticed an ice beast
  3594 | D:5      | Reached ** piety under Uskayaw
  3598 | D:5      | Slain by an ice beast

Illustrated notes

Levels and vault maps discovered:
D:1:      saegor_arrival_simple_d, layout_rooms, serial_corexii_hall,
          chequers_hall_statues_y, chequers_hall_statues_y
D:2:      layout_rooms, basic_altar
D:3:      layout_loops_ring, shapermc_ecumenical_altar_mp_urbaneastern
D:4:      layout_basic, mainiacjoe_overflow_six_doors_small,
          minmay_temple_entry_poolview
D:5:      kennysheep_windowed_halls, layout_rooms, nicolae_vehumet_radiance,
          fedhas_altar_2, mainiacjoe_overflow_alcove_4, uniq_prince_ribbit1,
          uniq_grinder
Temple:   ebering_untended_altars

Skill      XL: |  1  2  3  4  5  6 |
---------------+-------------------+-----
Fighting       | 4 5 6 |  6.0
Axes           | 3 4 |  4.4
Armour         | 4 |  4.9
Shields        | 4 |  4.9
Short Blades   | 1 2 |  2.3

Action                   |  1- 3 |  4- 6 || total
-------------------------+-------+-------++-------
Melee: War axe           |    66 |    71 ||   137
       Headbutt          |     7 |    26 ||    33
       Short sword       |       |    77 ||    77
  Use: Scroll            |       |     7 ||     7
       Potion            |       |     1 ||     1
Armor: Scale mail        |    38 |    74 ||   112
Dodge: Dodged            |    35 |    54 ||    89
Block: Buckler           |    18 |    39 ||    57

Table legend: (Time is in decaauts)
 A = Elapsed time spent in this place.
 B = Non-inter-level travel time spent in this place.
 C = Inter-level travel time spent in this place.
 D = Time resting spent in this place.
 E = Time spent auto-exploring this place.
 F = Levels seen in this place.
 G = Mean time per level.
                   A        B        C        D        E       F      G
               +--------+--------+--------+--------+--------+-----+--------+
         Total |   3654 |   3415 |    239 |      0 |   2501 |   6 |  609.0 |
       Dungeon |   3593 |   3401 |    192 |      0 |   2501 |   5 |  718.6 |
        Temple |     60 |     13 |     47 |      0 |      0 |   1 |   60.0 |
               +--------+--------+--------+--------+--------+-----+--------+

Top non-repeatable levels by time:
     D:3: 1024 daAuts
     D:4: 947 daAuts
     D:2: 875 daAuts
     D:1: 715 daAuts
  Temple: 60 daAuts
     D:5: 30 daAuts
